 Dungeon Crawl Stone Soup version 0.30-a0-630-g881e3bac89 (webtiles) character file.

Game seed: 11303577154605122117

4959 Decipherer the Cleaver (level 10, -10/91 HPs)
             Began as a Hill Orc Berserker on Jan 13, 2023.
             Was a Priest of Trog.
             Killed from afar by a hell hog (52 damage)
             ... with a fireball
             ... in a volcano.
             The game lasted 00:11:49 (8221 turns).

Decipherer the Cleaver (Hill Orc Berserker)         Turns: 8221, Time: 00:11:49

Health: -10/91     AC: 15    Str: 31    XL:     10   Next: 53%
Magic:  9/9        EV:  9    Int:  7    God:    Trog [***...]
Gold:   329        SH: 10    Dex: 10    Spells: 9/9 levels left

rFire   x . .      SeeInvis +    L - +8 hand axe of Mustemom {drain, +Blink rF- rC+ Will++ SInv}
rCold   + + .      Faith    .    J - +0 buckler
rNeg    . . .      Spirit   .    z - +0 chain mail
rPois   +          Reflect  +    (no helmet)
rElec   .          Harm     .    u - +0 cloak
rCorr   .          Rampage  .    (no gloves)
Will    ++...                    w - +0 pair of boots Stlth
                                 k - amulet of reflection
HPRegen 0.35/turn                q - ring of protection from cold
MPRegen 0.11/turn                G - +6 ring of strength

@: studying Staves
A: iridescent scales 1, low MP 1, poison resistance
a: Renounce Religion, Evoke Blink, Berserk, Trog's Hand


You were in a volcano.
You worshipped Trog.
Trog was most pleased with you.
You visited 2 branches of the dungeon, and saw 9 of its levels.
You also visited: Volcano.

You collected 329 gold pieces.

Inventory:

Hand Weapons
 L - the +8 hand axe of Mustemom (weapon) {drain, +Blink rF- rC+ Will++ SInv}
   (You found it on level 1 of the Lair of Beasts)

   rF:        It makes you vulnerable to fire.
   rC:        It protects you from cold.
   SInv:      It lets you see invisible.
   +Blink:    It lets you blink.
   Will:      It greatly increases your willpower.
Missiles
 e - a curare-tipped dart
 l - 4 atropa-tipped darts
 r - 11 boomerangs
 C - 6 poisoned darts
Armour
 u - a +0 cloak (worn)
 w - a +0 pair of boots (worn)
 z - a +0 chain mail (worn)
 J - a +0 buckler (worn)
Jewellery
 k - an amulet of reflection (around neck)
 m - an amulet of the acrobat
 q - a ring of protection from cold (left hand)
 G - a +6 ring of strength (right hand)
Wands
 A - a wand of roots (6)
Scrolls
 b - a scroll of magic mapping
 d - 3 scrolls of identify
 g - 2 scrolls of blinking {unknown}
 h - a scroll of enchant armour
 j - 3 scrolls of noise {unknown}
 n - 3 scrolls of teleportation
 p - a scroll of vulnerability
 s - 2 scrolls of poison {unknown}
 t - a scroll of torment
 v - a scroll of silence
 y - 3 scrolls of fog {unknown}
 D - a scroll of enchant weapon
 K - a scroll of fear {unknown}
Potions
 c - a potion of curing
 f - 3 potions of brilliance
 i - a potion of invisibility
 o - 3 potions of mutation
 x - 3 potions of haste
 B - a potion of lignification
 E - 2 potions of magic
 F - a potion of flight
 H - a potion of ambrosia
 I - 2 potions of might


   Skills:
 + Level 9.1 Fighting
 + Level 13.6 Axes
 + Level 6.9 Armour
 + Level 3.4 Dodging
 + Level 1.6 Stealth
 + Level 5.3 Shields


You had 9 spell levels left.
You didn't know any spells.
Your spell library contained the following spells:

 Spells                   Type           Power      Damage    Failure   Level
 Kiss of Death            Conj/Necr      0%         2d5       95%         1
 Confusing Touch          Hex            0%         N/A       100%        3
 Gell's Gravitas          Tloc           0%         N/A       100%        3
 Lesser Beckoning         Tloc           0%         N/A       100%        3
 Teleport Other           Tloc           0%         N/A       100%        3
 Tukima's Dance           Hex            0%         N/A       100%        3
 Dispel Undead            Necr           0%         3d6       100%        4
 Passage of Golubria      Tloc           0%         N/A       100%        4
 Yara's Violent Unravell  Hex/Tmut       0%         3d3       100%        5


Dungeon Overview and Level Annotations

Branches:
Dungeon (8/15)             Temple (0/1) D:7            Lair (1/5) D:8
Volcano (1/1)

Altars:
Elyvilon
Makhleb
Sif Muna
Wu Jian

Annotations:
D:3 4 runed translucent doors, Crazy Yiuf; chipmonk's ghost, weakling HORe
D:7 2 transporters, capka3m's ghost, novice DsCK


Innate Abilities, Weirdness & Mutations

You are partially covered in iridescent scales. (AC +2)
Your magical capacity is low. (-10% MP)
Your system is resistant to poisons. (rPois)


Message History

The lava snake is moderately wounded.
You slash the lava snake!
The lava snake is almost dead.
The lava snake closely misses you.
You hit the lava snake but do no damage.
The lava snake is almost dead.
The lava snake spits lava at you. The glob of lava hits you.
The lava burns you terribly!
You slash the lava snake!
You kill the lava snake!
Trog accepts your kill.
The air gets thick with the scent of sulphur.
The volcano roars to life, belching forth lava!
The air gets thick with the scent of sulphur.
The volcano roars to life, belching forth lava!
You open the door.
There is an open door here.
Okay, then.
You open the door. 2 fire bats, a hell hog, a hell hound and a steam dragon come into view.
The hell hog squeals angrily.
The hell hound barks!
The steam dragon breathes steam at you.
The ball of steam hits the fire bat.
The fire bat resists.
The ball of steam hits you!! The steam scalds you terribly!
You block the fire bat's attack.
The hell hound moves out of view.
Found a burning altar of Makhleb.
You feel better.
You are engulfed in a cloud of scalding steam.
The fire bat bites you but does no damage.
You feel better.
You are engulfed in a cloud of scalding steam.
You block the fire bat's attack. The hell hog breathes fire at you.
The fireball explodes!
The fireball engulfs the fire bat.
The fire bat completely resists.
The fireball engulfs the fire bat.
The fire bat completely resists.
The fireball engulfs the hell hog.
The hell hog completely resists.
The fireball engulfs you!!! The fire burns you terribly!
Ouch! That really hurt!
You die... §§§≈≈≈≈§≈§≈§≈≈§§ §≈§§§≈ ≈≈ §≈ ≈§≈≈≈§≈ § ≈≈≈≈≈≈≈ ####### ≈§§≈≈≈§ +.....+ .§§§§§§§ .8D8. #.≈§≈≈§≈§ bhh

#.≈§§§§§§ #b# ###§≈§≈§≈≈≈ #@#
.#.≈§§≈§≈≈ #.# #.≈≈≈≈≈≈. #§#
#.≈≈≈≈§.≈ #§# #.§§§≈.≈≈ #.#
#.§≈≈.≈≈≈ #.# #.§≈.≈≈≈≈ §§
#######'########...§§≈≈≈ ≈§
.....§.........§≈≈≈≈§≈≈≈
≈≈≈≈≈§≈≈≈≈≈≈§≈≈≈≈≈§§§.≈≈≈§≈≈§§≈≈○


You could see a hell hog (catching breath), a steam dragon (catching breath), a
hell hound and 2 fire bats.

Vanquished Creatures
  The ghost of Dartaoz the Slasher, a novice DsFi (D:5)
  Grinder (D:3)
  Sigmund (D:3)
  A wyvern (D:8)
  2 yaks (D:8)
  2 fire bats (Volcano)
  A basilisk (D:8)
  2 steam dragons (D:8)
  Duvessa (D:5)
  An acid dragon (D:8)
  2 water moccasins (D:8)
  A sky beast (D:8)
  3 black bears (D:8)
  An ice beast (D:5)
  2 ogres
  A wolf (D:8)
  A centaur (D:8)
  2 phantoms
  3 bullfrogs
  A kobold brigand (D:8)
  3 scorpions
  2 necrophages
  Dowan (D:5)
  A bullfrog zombie (D:4)
  5 lava snakes (Volcano)
  4 orc priests
  6 hounds
  3 jellies
  A bullfrog skeleton (D:4)
  Terence (D:3)
  2 scorpion zombies (D:4)
  3 iguanas
  6 orc wizards
  The ghost of M4edhros the Sneak, a weakling OpDe (D:5)
  A hound zombie (D:4)
  A hound skeleton (D:4)
  3 gnolls (D:6)
  3 adders
  A shadow imp (D:5)
  2 white imps (D:6)
  2 adder zombies (D:4)
  A worm (D:5)
  4 dart slugs
  28 orcs
  2 bats
  An endoplasm (D:3)
  2 giant cockroaches
  6 goblins
  8 hobgoblins
  8 kobolds
  2 quokkas
  5 ball pythons
  3 frilled lizards
  A quokka skeleton (D:4)
  A rat (D:1)
154 creatures vanquished.

Vanquished Creatures (others)
  2 fungi (D:8)
  7 plants (D:8)
  6 withered plants (D:5)
15 creatures vanquished.

Grand Total: 169 creatures vanquished

Notes
Turn   | Place    | Note
-------+----------+-------------------------------------------
     0 | D:1      | Decipherer the Hill Orc Berserker began the quest for the
                  | Orb.
     0 | D:1      | Reached XP level 1. HP: 19/19 MP: 1/1
   246 | D:1      | Reached XP level 2. HP: 21/27 MP: 2/2
  1380 | D:2      | Reached XP level 3. HP: 32/33 MP: 3/3
  1982 | D:3      | Noticed Grinder
  1997 | D:3      | Noticed Terence
  1998 | D:3      | Reached skill level 5 in Axes
  1998 | D:3      | Reached XP level 4. HP: 39/41 MP: 4/4
  2009 | D:3      | Gained mutation: You are partially covered in iridescent
                  | scales. (AC +2) [potion of mutation]
  2009 | D:3      | Gained mutation: Your magical capacity is low. (-10% MP)
                  | [potion of mutation]
  2009 | D:3      | Gained mutation: Your system is resistant to poisons.
                  | (rPois) [potion of mutation]
  2016 | D:3      | Killed Grinder
  2016 | D:3      | Reached ** piety under Trog
  2017 | D:3      | Reached skill level 5 in Fighting
  2017 | D:3      | Reached skill level 6 in Axes
  2017 | D:3      | Reached skill level 1 in Stealth
  2017 | D:3      | Reached skill level 1 in Shields
  2017 | D:3      | Reached XP level 5. HP: 18/48 MP: 4/4
  2017 | D:3      | Reached XP level 6. HP: 21/56 MP: 5/5
  2020 | D:3      | Killed Terence
  2227 | D:3      | You fall into a shaft and drop 2 floors!
  2227 | D:5      | Entered Level 5 of the Dungeon
  2311 | D:4      | Reached skill level 7 in Axes
  2347 | D:4      | Reached XP level 7. HP: 60/61 MP: 6/6
  2555 | D:3      | Noticed chipmonk's ghost (weakling HORe)
  2584 | D:3      | Found a runed translucent gate.
  2584 | D:3      | Found a runed translucent gate.
  2584 | D:3      | Found a runed translucent gate.
  2606 | D:3      | Noticed Sigmund
  2621 | D:3      | Killed Sigmund
  2622 | D:3      | Reached skill level 8 in Axes
  2808 | D:3      | Found a faded altar of an unknown god.
  2919 | D:3      | Found a runed translucent door.
  2920 | D:3      | Noticed Crazy Yiuf
  3319 | D:4      | Reached XP level 8. HP: 47/70 MP: 7/7
  3786 | D:5      | Found a runed translucent gate.
  3786 | D:5      | Found a runed translucent gate.
  3786 | D:5      | Found a runed translucent gate.
  3790 | D:5      | Noticed Dartaoz's ghost (novice DsFi)
  3790 | D:5      | Noticed M4edhros's ghost (weakling OpDe)
  3885 | D:5      | Reached skill level 9 in Axes
  3978 | D:5      | Noticed Dowan
  3979 | D:5      | Noticed Duvessa
  3992 | D:5      | Killed Dowan
  4008 | D:5      | Killed Duvessa
  4724 | D:5      | Killed M4edhros's ghost
  4756 | D:5      | Killed Dartaoz's ghost
  4757 | D:5      | Reached skill level 10 in Axes
  4757 | D:5      | Reached skill level 5 in Armour
  4757 | D:5      | Reached XP level 9. HP: 15/79 MP: 8/8
  5453 | D:6      | Reached skill level 11 in Axes
  5998 | D:7      | Found a transporter.
  6002 | D:7      | Noticed capka3m's ghost (novice DsCK)
  6003 | D:7      | Found a transporter.
  6004 | D:7      | Noticed a queen bee
  6305 | D:7      | Found a staircase to the Ecumenical Temple.
  6482 | D:8      | Reached *** piety under Trog
  6483 | D:8      | Reached skill level 12 in Axes
  6534 | D:8      | Found an ornate altar of the Wu Jian Council.
  6540 | D:8      | Found a burning altar of Makhleb.
  6550 | D:8      | Found a shimmering blue altar of Sif Muna.
  6553 | D:8      | Found a white marble altar of Elyvilon.
  6892 | D:8      | Reached XP level 10. HP: 78/88 MP: 9/9
  7163 | D:8      | Reached skill level 13 in Axes
  7469 | D:8      | Found a staircase to the Lair.
  7495 | D:8      | Reached skill level 5 in Shields
  7766 | Lair:1   | Entered Level 1 of the Lair of Beasts
  7767 | Lair:1   | Identified the +8 hand axe of Mustemom {drain, +Blink rF-
                  | rC+ Will++ SInv}
  7814 | Lair:1   | Found a dark tunnel.
  7814 | Lair:1   | Noticed a lindwurm
  7823 | Volcano  | Entered a volcano
  8219 | Volcano  | Found a burning altar of Makhleb.
  8219 | Volcano  | Noticed a hell hog
  8221 | Volcano  | Killed from afar by a hell hog

Illustrated notes

Levels and vault maps discovered:
D:1:      dpeg_arrival_round_a, layout_loops_corners
D:2:      layout_basic
D:3:      layout_basic, gammafunk_ghost_icy, ebering_ecumenical_altar_abandoned,
          hangedman_abyss_or_decor_stabs, minmay_misc_feat_pillars,
          uniq_grinder, uniq_sigmund, uniq_terence, uniq_crazy_yiuf_cottage
D:4:      layout_basic, serial_undead, serial_undead_e, serial_undead_a,
          serial_undead_f, serial_undead_e
D:5:      layout_basic, gammafunk_ghost_cemetery, uniq_duvessa
D:6:      layout_basic
D:7:      layout_loops_ring, minmay_temple_entry_purple_smoke,
          gammafunk_ghost_hive, chequers_hall_statues_corner_a
D:8:      layout_loops_ring, grunt_temple_overflow_cloverleaf,
          minmay_lair_entry_grove
Lair:1:   layout_hall_layers, nicolae_volcano_entry_vermiform,
          grunt_megastairs_1
Volcano:  volcano_lake [vl_original]

Skill      XL: |  1  2  3  4  5  6  7  8  9 10 |
---------------+-------------------------------+-----
Fighting       | 4 5 7 8 9 |  9.1
Axes           | 5 6 7 8 10 12 13 | 13.6
Dodging        | 2 3 |  3.4
Stealth        | 1 |  1.6
Shields        | 1 2 3 4 5 |  5.3
Armour         | 3 5 6 |  6.9

Action                   |  1- 3 |  4- 6 |  7- 9 | 10-12 || total
-------------------------+-------+-------+-------+-------++-------
Melee: Hand axe          |    89 |    46 |   479 |   151 ||   765
       Punch             |     2 |       |     8 |     2 ||    12
Invok: Berserk           |     1 |     1 |     8 |     2 ||    12
       Trog's Hand       |       |       |     1 |     4 ||     5
  Use: Potion            |       |     5 |     2 |     4 ||    11
       Scroll            |       |       |       |    14 ||    14
Armor: Animal skin       |     9 |     1 |       |       ||    10
       Scale mail        |       |    18 |    26 |       ||    44
       Chain mail        |       |       |   178 |    51 ||   229
Dodge: Dodged            |    54 |    28 |   140 |    49 ||   271
Block: Other             |    12 |    15 |    73 |     8 ||   108
       Reflection        |     1 |       |       |       ||     1
       Buckler           |       |       |       |    40 ||    40

Table legend: (Time is in decaauts)
 A = Elapsed time spent in this place.
 B = Non-inter-level travel time spent in this place.
 C = Inter-level travel time spent in this place.
 D = Time resting spent in this place.
 E = Time spent auto-exploring this place.
 F = Levels seen in this place.
 G = Mean time per level.
                   A        B        C        D        E       F      G
               +--------+--------+--------+--------+--------+-----+--------+
         Total |   8181 |   7981 |    200 |      0 |   6390 |  10 |  818.1 |
       Dungeon |   7733 |   7555 |    178 |      0 |   6214 |   8 |  966.6 |
          Lair |     56 |     34 |     22 |      0 |      0 |   1 |   56.0 |
       Volcano |    391 |    391 |      0 |      0 |    176 |   1 |  391.0 |
               +--------+--------+--------+--------+--------+-----+--------+

Top non-repeatable levels by time:
     D:5: 1466 daAuts
     D:8: 1293 daAuts
     D:2: 1047 daAuts
     D:3: 924 daAuts
     D:1: 903 daAuts
     D:6: 749 daAuts
     D:7: 681 daAuts
     D:4: 666 daAuts
 Volcano: 391 daAuts
  Lair:1: 56 daAuts
